 Dungeon Crawl Stone Soup version 0.28.0-45-g0d030f2227 (webtiles) character file.

Game seed: 5373414372018737058

160 seaoflcl the Shield-Bearer (level 4, -1/57 HPs)
             Began as a Demigod Fighter on Apr 24, 2022.
             Slain by Ijyb
             ... wielding a +0 club
              (3 damage)
             ... on level 2 of the Dungeon.
             The game lasted 00:03:41 (2887 turns).

seaoflcl the Shield-Bearer (Demigod Fighter)        Turns: 2887, Time: 00:03:42

Health: -1/57      AC:  8    Str: 21    XL:     4   Next: 96%
Magic:  6/6        EV:  9    Int: 10    God:
Gold:   59         SH:  5    Dex: 13    Spells: 3/3 levels left

rFire   . . .      SeeInvis .   d - +1 short sword (vamp)
rCold   . . .      Faith    .   c - +0 buckler
rNeg    . . .      Spirit   .   b - +0 scale mail
rPois   .          Reflect  .   h - +0 helmet
rElec   .          Harm     .   (no cloak)
rCorr   .          Rampage  .   (no gloves)
Will    .....                   (no boots)
Stlth   ..........              (no amulet)
HPRegen 0.19/turn               (no ring)
MPRegen 0.10/turn               (no ring)

@: berserking, very quick
A: high MP 1, forlorn, divine attributes
a: no special abilities


You were on level 2 of the Dungeon.
You visited 1 branch of the dungeon, and saw 3 of its levels.

You collected 59 gold pieces.

Inventory:

Hand Weapons
 a - a +0 long sword
 d - a +1 vampiric short sword (weapon)
Armour
 b - a +0 scale mail (worn)
 c - a +0 buckler (worn)
 h - a +0 helmet (worn)
Jewellery
 j - an amulet of magic regeneration
 k - a ring of positive energy
Scrolls
 f - a scroll of amnesia {unknown}
 i - a scroll of vulnerability {unknown}
Potions
 e - a potion of ambrosia {unknown}
 g - a potion of berserk rage


   Skills:
 + Level 3.5 Fighting
 + Level 0.6(1.8) Short Blades
 - Level 2.6(2.7) Long Blades
 + Level 3.5 Armour
 + Level 3.5 Shields


You had 3 spell levels left.
You didn't know any spells.
Your spell library contained the following spells:

 Spells                   Type           Power      Damage    Failure   Level
 Beastly Appendage        Tmut           0%         N/A       80%         1
 Freeze                   Ice            0%         1d3       80%         1
 Wereblood                Tmut           0%         N/A       90%         2
 Frozen Ramparts          Ice            0%         1d2       99%         3
 Spider Form              Tmut/Pois      0%         N/A       99%         3
 Cause Fear               Hex            0%         N/A       100%        4
 Hailstorm                Conj/Ice       0%         3d3       100%        4
 Dragon Form              Tmut           0%         N/A       100%        7
 Malign Gateway           Summ/Tloc      0%         N/A       100%        7
 Summon Horrible Things   Summ           0%         N/A       100%        8
 Dragon's Call            Summ           0%         N/A       100%        9


Dungeon Overview and Level Annotations

Branches:
Dungeon (3/15)

Annotations:
D:2 Ijyb
D:3 Grinder


Innate Abilities, Weirdness & Mutations

You have an increased reservoir of magic. (+10% MP)
You shall have no god before yourself.
Your divine heritage dramatically boosts your attributes as you level up.


Message History

Ijyb hits you with a +0 club.
You barely miss Ijyb.
Ijyb is lightly wounded.
Ijyb hits you but does no damage.
You closely miss Ijyb.
Ijyb is lightly wounded.
Ijyb hits you with a +0 club.
* * * LOW HITPOINT WARNING * * *
You barely miss Ijyb.
Ijyb is lightly wounded.
Ijyb barely misses you.
You barely miss Ijyb.
Ijyb is lightly wounded.
Ijyb hits you with a +0 club.
* * * LOW HITPOINT WARNING * * *
You hit Ijyb but do no damage.
Ijyb is lightly wounded.
Ijyb barely misses you.
Unknown command.
It was a potion of berserk rage.
A red film seems to cover your vision as you go berserk!
You feel yourself moving faster!
You feel mighty! Ijyb hits you but does no damage.
You hit Ijyb.
Ijyb is moderately wounded.
Ijyb hits you with a +0 club.
* * * LOW HITPOINT WARNING * * *
You puncture Ijyb!
Ijyb is severely wounded.
Ijyb hits you with a +0 club.
* * * LOW HITPOINT WARNING * * *
You closely miss Ijyb.
Ijyb is severely wounded.
You block Ijyb's attack.
You barely miss Ijyb.
Ijyb is severely wounded.
You puncture Ijyb!
Ijyb is almost dead.
Ijyb hits you with a +0 club.
You die...

#..# #.# #.##.##.#†#[#
#..# #.# ##.#.#.##...#
#..# #.#####...#####.#
#..###...####.######.###
#..[...#...............#
#.#.##..........#....#.#
#.#.#########.#.#.####.#
#.#.....#####.#.#.# #.#
#........).g@[....# #.#
#######.####..###.####.#
#.# #).# #.#....# #.#
#.[###..###.######
##.####.#...#.# #.......
#..........##.###.######
#..####.######.....#
#..# #.# ##.##.# #..#
#.# #.##.#


You could see Ijyb.

Vanquished Creatures
  An orc priest (D:2)
  4 adders (D:2)
  3 worms (D:2)
  2 dart slugs (D:1)
  4 orcs (D:2)
  5 bats
  3 endoplasms
  5 giant cockroaches
  6 goblins
  9 hobgoblins
  4 jackals (D:1)
  3 quokkas
  9 ball pythons
  6 frilled lizards
  5 kobolds
  5 rats
74 creatures vanquished.

Notes
Turn   | Place    | Note
-------+----------+-------------------------------------------
     0 | D:1      | seaoflcl the Demigod Fighter began the quest for the Orb.
     0 | D:1      | Reached XP level 1. HP: 18/18 MP: 3/3
   162 | D:1      | Reached XP level 2. HP: 23/25 MP: 4/4
   962 | D:1      | Reached XP level 3. HP: 28/31 MP: 5/5
  1750 | D:2      | Reached XP level 4. HP: 24/38 MP: 6/6
  2724 | D:3      | Noticed Ijyb
  2866 | D:3      | Noticed Grinder
  2867 | D:3      | Paralysed by Grinder for 6 turns
  2884 | D:2      | HP: 1/57 [Ijyb/+0 club (5)]
  2887 | D:2      | Slain by Ijyb

Illustrated notes

Levels and vault maps discovered:
D:1:      eino_arrival_water_star, layout_loops_ring,
          hellmonk_ecumenical_altar_zigzags, minivault_11,
          grunt_decor_arrowhead, minmay_door_square
D:2:      layout_loops_ring, basic_altar
D:3:      layout_basic, dk_xom_monty_hall, mainiacjoe_overflow_chevrons,
          uniq_grinder, uniq_ijyb, uniq_robin

Skill      XL: |  1  2 |
---------------+-------+-----
Long Blades    | 2 |  2.6
Fighting       | 3 |  3.5
Shields        | 3 |  3.5
Armour         | 3 |  3.5
Short Blades   | |  0.6

Action                   |  1- 3 |  4- 6 || total
-------------------------+-------+-------++-------
Melee: Long sword        |   155 |    70 ||   225
       Short sword       |       |    35 ||    35
  Use: Potion            |       |     2 ||     2
Armor: Scale mail        |    55 |    70 ||   125
Dodge: Dodged            |    83 |    64 ||   147
Block: Buckler           |    26 |    30 ||    56
